 Dungeon Crawl Stone Soup version 0.24-a0-291-g79c1ce7 (webtiles) character file.

Game seed: 830162604314220696

31 galech the Skirmisher (level 3, 26/29 HPs)
             Began as a Demonspawn Fighter on May 9, 2019.
             Quit the game on level 2 of the Dungeon.
             The game lasted 00:00:55 (1015 turns).

galech the Skirmisher (Demonspawn Fighter)          Turns: 1015, Time: 00:00:57

Health: 26/29      AC:  6    Str: 16    XL:     3   Next: 7%
Magic:  3/3        EV:  6    Int:  9    God:
Gold:   127        SH:  9    Dex: 13    Spells: 2/2 levels left

rFire    . . .     SeeInvis .   a - +0 war axe
rCold    . . .     Gourm    .   c - +0 shield
rNeg     . . .     Faith    .   b - +0 scale mail
rPois    .         Spirit   .   (no helmet)
rElec    .         Reflect  .   (no cloak)
rCorr    .         Harm     .   (no gloves)
MR       .....                  (no boots)
Stlth    ..........             (no amulet)
HPRegen  0.09/turn              (no ring)
MPRegen  0.08/turn              (no ring)

@: no status effects
A: talons 1, demonic guardian 1
a: no special abilities


You were on level 2 of the Dungeon.
You were not hungry.

You visited 1 branch of the dungeon, and saw 2 of its levels.

You collected 127 gold pieces.

Inventory:

Hand Weapons
 a - a +0 war axe (weapon)
Armour
 b - a +0 scale mail (worn)
 c - a +0 shield (worn)
Scrolls
 e - a scroll of random uselessness {unknown}
 h - 5 scrolls of remove curse {unknown}
 j - a scroll of teleportation {unknown}
Potions
 d - a potion of might
 i - 2 potions of curing {unknown}
 k - a potion of invisibility {unknown}
Comestibles
 f - 6 rations


   Skills:
 + Level 3.3 Fighting
 + Level 2.5 Axes
 + Level 2.7 Armour
 + Level 0.1 Dodging
 + Level 3.0 Shields


You had 2 spell levels left.
You didn't know any spells.
Your spell library was empty.

Dungeon Overview and Level Annotations

Branches:
Dungeon (2/15)

Altars:
Hepliaklqana


Innate Abilities, Weirdness & Mutations

You have sharp toenails.
A weak demonic guardian rushes to your aid.


Message History

You closely miss the frilled lizard.
The frilled lizard bites you but does no damage. x2
The worm bites you.
You barely miss the worm.
The worm is severely wounded.
Your shield and scale mail prevent you from hitting the frilled lizard.
The frilled lizard bites you. The worm bites you but does no damage.
The frilled lizard barely misses you.
You slash the worm!
You kill the worm!
You have reached level 3!
Your experience leads to an increase in your attributes!
Increase (S)trength, (I)ntelligence, or (D)exterity?
You feel agile.
Your demonic ancestry asserts itself...
You feel the presence of a demonic guardian.
Your shield and scale mail prevent you from hitting the frilled lizard.
The frilled lizard bites you but does no damage.
You miss the frilled lizard. Your kick misses the frilled lizard.
You block the frilled lizard's attack.
Are you sure you want to abandon this character and quit the game? (Confirm with "yes".)

..# #..... #.#.# #.....
#.#.# #.#.. #.#.# #.#..
#.#.# #.#.# #.#.#
#.#.## #.#.#
#.#..###.#.# ##
#@.........######.
#.....l#.........#.....
#......+.#######.+.....
#......#.# #.#.....
#....#...# +.......
#....###.# #.......
#.... ..# #.......
..... ..# ####.......
..........


You could see a frilled lizard.

Vanquished Creatures
  A worm (D:2)
  A leopard gecko (D:1)
  5 bats
  3 giant cockroaches (D:1)
  6 hobgoblins (D:1)
  2 ball pythons (D:1)
  3 frilled lizards (D:1)
  A kobold (D:1)
  5 rats (D:1)
27 creatures vanquished.

Notes
Turn   | Place    | Note
-------+----------+-------------------------------------------
     0 | D:1      | galech the Demonspawn Fighter began the quest for the Orb.
     0 | D:1      | Reached XP level 1. HP: 18/18 MP: 1/1
   353 | D:1      | Gained mutation: You have sharp toenails. [demonic
                  | ancestry]
   353 | D:1      | Reached XP level 2. HP: 17/24 MP: 2/2
   937 | D:2      | Found a hazy altar of Hepliaklqana.
  1013 | D:2      | Gained mutation: A weak demonic guardian rushes to your
                  | aid. [demonic ancestry]
  1013 | D:2      | Reached XP level 3. HP: 26/29 MP: 3/3
  1015 | D:2      | Quit the game

Levels and vault maps discovered:
D:1:      nicolae_arrival_washed_ashore, layout_loops_ring
D:2:      layout_basic, lemuel_crystal_altar, nrook_mini_vaults

Skill      XL: |  1  2 |
---------------+-------+-----
Axes           | 2 |  2.5
Shields        | 3 |  3.0
Fighting       | |  3.3
Armour         | |  2.7
Dodging        | |  0.1

Action                   || total
-------------------------++-------
Melee: War axe           ||    77
       Kick              ||     8
Armor: Scale mail        ||    43
Dodge: Dodged            ||    22
Block: Shield            ||    35

Table legend:
 A = Non-vault XP
 B = Vault XP
 C = Vault XP percentage of total XP
 D = Non-vault monster count
 E = Vault monster count
 F = Vault count percentage of total count
                 A         B        C        D         E       F
            +---------+---------+-------+---------+---------+-------
      Total |      45 |       0 |   0.0 |      27 |       0 |   0.0
            +---------+---------+-------+---------+---------+-------
        D:1 |      37 |       0 |   0.0 |      24 |       0 |   0.0
        D:2 |       8 |       0 |   0.0 |       3 |       0 |   0.0
            +---------+---------+-------+---------+---------+-------
